cohdb
Replays
Latest Replays
All Replays
Popular Replays
Top Player Replays
Match Explorer
How It Works
Community
CoH3 Stats
Reddit
Sign in to upload your games and track your stats! →
Sign in with Steam
Match 40844938
Unlisted
Match 40844938
Overview
Messages
Build Orders
End
Construct Barracks
Selects Advanced Infantry Battlegroup
Riflemen Squad
Riflemen Squad
Riflemen Squad
Construct Medical Station
Grenade Package
M1 Mortar Team
Construct Weapon Support Center
Bazooka Squad
Selects Convert to Ranger Squad
Selects Frontline Medical Station
Improved M9 Bazooka Rockets
Convert to Ranger Squad
Bazooka Squad
Bazooka Squad
Ranger Squad
Infantry Support Center
Selects Ammunition Storage
Selects M2A1 105mm Howitzer Emplacement
M1918 Browning Automatic Rifles
Advanced Logistics
Survival Training
jackal2150
Gallina Suicida
Fonzi
ARC_RAID
ZyAcroQC
Unsafe
見人就倒不墨跡
HolyMolyEmpire
0
0
Comments
sign in to comment!
No comments posted yet!